Map: Acropolis LE

Players

Woah

  • Race: Terran Terran
  • Spawn Location: 11:00

Bladewing - Winner!

  • Race: Protoss Protoss
  • League: Platinum
  • Spawn Location: 5:00

VOD

Have the link to the VOD?

Description

Time

  • Played on: June 11, 2019, 2:04 p.m.
  • Length: 19:28
Show
View Real Time Build Order
Export as new Build Order

Woah Terran 

Build Orders: Banshee Rush 

Get SALT Encoding   

  12  0:03  SCV  
  13  0:15  SCV  
  13  0:18  Supply Depot  
  14  0:27  SCV  
  15  0:41  Barracks  
  15  0:43  SCV  
  15  0:47  Refinery  
  16  0:53  Refinery  
  16  0:56  SCV  
  17  1:08  SCV  
  18  1:13  Supply Depot  
  18  1:20  SCV  
  20  1:36  Orbital Command  
  19  1:49  Factory  
  19  1:52  Barracks Reactor  
  19  2:03  SCV  
  20  2:21  SCV  
  21  2:28  Command Center  
  21  2:39  SCV, Starport  
  22  2:46  Hellion  
  22  2:51  Hellion  
  26  2:55  Barracks Tech Lab  
  26  3:03  Barracks  
  27  3:06  SCV  
  27  3:12  Hellion  
  29  3:16  Hellion  
  31  3:24  Stimpack  
  31  3:27  Starport Tech Lab  
  31  3:40  SCV  
  32  3:42  Barracks  
  32  3:45  Cloaking Field  
  33  3:51  Orbital Command  
  33  3:52  SCV  
  31  4:01  Marauder  
  31  4:02  Marine  
  34  4:04  SCV  
  35  4:20  Marine  
  35  4:32  SCV  
  35  4:33  Marine x2  
  35  4:34  Marauder  
  34  4:38  Banshee  
  36  4:45  Barracks Reactor  
  36  4:48  Factory Reactor  
  36  4:51  Marine  
  37  4:55  Marauder  
  35  5:09  Marine x2  
  35  5:11  Bunker  
  37  5:16  Marauder  
  37  5:22  Engineering Bay  
  37  5:27  Raven  
  32  5:50  SCV  
  32  5:52  SCV, Supply Depot  
  34  6:01  Widow Mine  
  34  6:02  SCV  
  38  6:04  SCV  
  38  6:09  Marine x2  
  40  6:14  SCV  
  40  6:16  SCV, Barracks  
  42  6:29  SCV  
  43  6:37  Supply Depot  
  43  6:38  Supply Depot  
  43  6:45  Marine x4  
  43  6:46  Marauder  
  49  6:50  SCV  
  50  6:57  SCV  
  51  7:03  Marine x2  
  51  7:06  Command Center  
  51  7:07  Barracks Tech Lab  
  51  7:08  Barracks  
  53  7:09  Missile Turret  
  53  7:10  SCV, Missile Turret  
  53  7:11  SCV  
  53  7:13  Terran Infantry Weapons Level 1  
  55  7:17  Refinery  
  55  7:18  Engineering Bay  
  55  7:20  Medivac  
  55  7:22  Medivac  
  59  7:23  SCV x2  
  61  7:36  Marauder, Marine x4  
  67  7:41  SCV x2  
  69  7:46  Terran Infantry Armor Level 1  
  69  7:55  Marine  
  70  8:02  Widow Mine, Medivac, Marine x3  
  70  8:04  Supply Depot  
  70  8:05  Supply Depot  
  77  8:14  SCV  
  77  8:18  SCV  
  79  8:20  Supply Depot  
  79  8:21  Supply Depot  
  79  8:22  Supply Depot  
  79  8:29  Orbital Command  
  79  8:30  Refinery  
  79  8:32  SCV  
  80  8:40  Ghost Academy  
  61  9:12  Marauder x2, Marine x2  
  61  9:13  Marine x2  
  61  9:14  Barracks Tech Lab  
  61  9:16  Supply Depot  
  69  9:18  SCV x3  
  69  9:21  Refinery  
  72  9:25  Siege Tank  
  72  9:27  Medivac  
  72  9:30  SCV x2, Marine  
  80  9:34  Marauder x2  
  84  9:47  Combat Shield  
  84  9:48  Concussive Shells  
  82  10:05  Marauder x2, Ghost  
  82  10:06  Marine x3  
  82  10:07  SCV, Marine  
  88  10:08  SCV x2  
  88  10:13  Refinery  
  92  10:20  SCV x3  
  95  10:24  Marine x4  
  95  10:27  Barracks  
  95  10:28  Barracks x2  
  99  10:31  Barracks  
  99  10:32  SCV, Command Center  
  100  10:47  Ghost  
  100  10:48  Marauder, Marine x4  
  109  10:50  Ghost  
  110  10:59  Medivac  
  112  11:06  Marine x4  
  112  11:09  SCV x2  
  112  11:10  Marauder  
  120  11:16  Marauder  
  82  12:00  Marauder x3, Marine x4  
  83  12:06  Barracks Tech Lab x2, Barracks x2  
  83  12:07  Barracks, Barracks Tech Lab x2  
  83  12:11  Bunker  
  83  12:18  Marine x4  
  83  12:21  Marauder, Liberator x2  
  83  12:22  Marauder x2  
  92  12:26  Marauder, Marine x3  
  97  12:35  Marine  
  97  12:36  Marine x3  
  101  12:42  Marauder  
  101  12:43  Marauder x2, Marine  
  116  12:44  Marauder x2  
  116  12:47  Marine  
  119  12:53  Marine  
  119  12:54  Marine x2  
  103  13:07  Ghost x2  
  103  13:11  Marauder  
  91  13:15  Marine x7  
  91  13:20  Ghost  
  91  13:23  Barracks Reactor x2  
  91  13:24  Barracks Reactor  
  84  13:38  Marauder, Marine x3  
  84  13:39  Marauder, Marine x2  
  87  13:58  Liberator, Marine  
  87  13:59  Marauder x2, Marine x11  
  87  14:00  Marine  
  104  14:04  Command Center  
  104  14:07  Missile Turret  
  104  14:09  Missile Turret  
  104  14:16  Marine  
  104  14:17  Marine x11  
  108  14:18  Marine  
  108  14:19  Marine  
  108  14:20  Marauder  
  108  14:21  Fusion Core  
  123  14:35  Marauder x2  
  111  14:46  Marauder, Marine x3  
  111  14:47  Marauder x2, Marine x4  
  113  14:57  Ghost x2  
  113  14:59  Liberator  
  100  15:00  Liberator  
  90  15:12  SCV x2  
  90  15:17  Armory  
  96  15:23  Orbital Command  
  93  15:40  Ghost x2  
  96  15:45  Ghost  
  96  15:46  Marine  
  99  15:59  Starport  
  99  16:03  Terran Infantry Weapons Level 2, Terran Infantry Armor Level 2  
  83  16:30  Liberator  
  71  16:34  Marine x6  
  71  16:35  Marine x11  
  82  16:45  Starport Tech Lab  
  79  16:52  Marine x7  
  89  16:58  Orbital Command  
  89  16:59  Marine  
  89  17:00  Marine x4  
  96  17:04  Medivac x2  
  98  17:09  Advanced Ballistics  
  98  17:13  Liberator  
  98  17:18  Marauder x2  
  98  17:19  Marine x2  
  107  17:38  Liberator  
  107  17:39  Liberator  
  107  17:45  Marauder x3, Marine x3  
  107  17:46  Marine x3  
  107  17:50  Refinery  
  75  18:37  Marine x7  
  75  18:38  Marauder x3, Marine x4  
  75  18:39  Marauder  
  85  18:55  Marine x3  
  74  18:56  Marauder  
  74  18:57  Marauder x2  
Show
View Real Time Build Order
Export as new Build Order

Bladewing Protoss - Winner!

Build Orders: 1 Gate Expand 

Get SALT Encoding   

  12  0:04  Probe  
  13  0:16  Probe  
  13  0:19  Pylon  
  14  0:28  Probe  
  15  0:40  Assimilator  
  15  0:41  Probe  
  16  0:44  Gateway  
  16  0:53  Probe  
  17  1:05  Probe  
  18  1:17  Probe  
  19  1:43  Nexus  
  19  1:45  Probe  
  19  1:46  Pylon  
  20  1:50  Cybernetics Core  
  20  1:53  Zealot  
  20  1:57  Probe  
  21  2:06  Warp Gate  
  23  2:09  Assimilator, Probe  
  24  2:20  Zealot  
  24  2:22  Probe  
  27  2:34  Probe  
  28  2:37  Twilight Council  
  28  2:47  Zealot  
  31  2:53  Charge  
  31  2:56  Probe x2  
  32  3:05  Gateway  
  33  3:16  Probe x2  
  34  3:25  Zealot  
  36  3:33  Pylon  
  36  3:37  Pylon  
  36  3:40  Probe x2  
  38  3:42  Forge  
  38  3:54  Gateway  
  38  3:57  Probe x2  
  38  4:02  Pylon  
  40  4:06  Zealot x2  
  44  4:12  Protoss Ground Weapons Level 1  
  30  4:32  Zealot x2  
  30  4:34  Probe x2  
  36  4:52  Robotics Facility  
  36  4:53  Pylon  
  36  5:00  Probe  
  36  5:01  Probe  
  38  5:12  Probe  
  39  5:19  Zealot  
  39  5:20  Zealot  
  37  5:25  Probe  
  37  5:27  Probe  
  39  5:32  Observer  
  34  5:49  Probe x2  
  32  5:52  Photon Cannon  
  32  5:54  Observer  
  32  5:55  Photon Cannon  
  33  6:03  Stalker  
  35  6:09  Stalker  
  37  6:14  Probe x2  
  39  6:22  Observer  
  39  6:24  Zealot  
  39  6:32  Probe  
  39  6:33  Probe  
  41  6:47  Observer  
  41  6:49  Zealot x3  
  41  6:51  Probe x2  
  49  7:01  Observer  
  49  7:03  Protoss Ground Armor Level 1, Probe x2  
  52  7:32  Zealot  
  52  7:33  Zealot x2  
  58  7:39  Templar Archives  
  58  7:43  Pylon  
  58  7:47  Photon Cannon, Probe  
  58  7:48  Probe  
  59  7:59  Probe  
  59  8:00  Probe  
  61  8:07  Nexus  
  61  8:09  Pylon x2  
  61  8:12  Probe x2  
  63  8:15  Immortal  
  63  8:23  Zealot, High Templar x2  
  72  8:28  Probe x2  
  72  8:29  Archon  
  74  8:40  Probe x2  
  74  8:50  Zealot  
  74  8:52  Probe  
  74  8:53  Probe  
  68  8:57  Zealot x2  
  68  9:05  Probe x2  
  70  9:12  Zealot  
  73  9:17  Probe x2  
  73  9:18  Gateway  
  73  9:20  Gateway  
  73  9:22  Gateway  
  74  9:27  Immortal  
  74  9:29  Probe x2  
  74  9:30  Gateway  
  76  9:31  Gateway  
  76  9:32  Assimilator  
  76  9:34  Assimilator, Probe  
  77  9:41  Probe  
  82  9:51  Zealot x3  
  88  10:08  Probe x3  
  91  10:19  High Templar x2, Pylon  
  91  10:20  High Templar x2  
  99  10:21  High Templar  
  99  10:22  Pylon  
  99  10:27  Immortal  
  101  10:28  Archon x2  
  101  10:41  Pylon x2  
  105  10:46  Assimilator  
  105  10:50  Assimilator, Photon Cannon  
  105  10:51  Pylon  
  105  10:52  High Templar  
  105  10:53  Photon Cannon  
  105  10:54  High Templar  
  105  10:56  Zealot x4  
  117  10:59  Archon  
  117  11:00  Observer  
  117  11:02  Probe x3  
  121  11:14  Probe x3  
  124  11:24  High Templar  
  126  11:25  Zealot  
  126  11:26  Zealot x6  
  118  11:41  Probe  
  118  11:42  Probe x2  
  119  11:49  Photon Cannon  
  119  11:50  Photon Cannon x2  
  115  11:57  Archon  
  115  12:00  Warp Prism  
  115  12:08  Protoss Ground Armor Level 2  
  117  12:18  Probe x3  
  120  12:33  Nexus  
  120  12:34  Pylon  
  120  12:36  Assimilator  
  120  12:37  Pylon  
  120  12:38  Assimilator, Immortal  
  120  12:39  Pylon  
  124  12:48  Probe  
  124  12:49  Probe x2  
  127  12:56  Zealot x3  
  127  12:57  Zealot x5  
  143  13:00  Probe  
  143  13:01  Probe x2  
  130  13:07  Photon Cannon  
  130  13:10  Immortal, Photon Cannon  
  116  13:13  Probe  
  111  13:33  Zealot x2  
  111  13:34  Zealot x6  
  115  14:00  High Templar x5  
  115  14:01  High Templar  
  125  14:03  Immortal  
  125  14:05  Zealot x2  
  125  14:07  Archon x2  
  125  14:08  Archon  
  129  14:10  Probe  
  129  14:11  Probe x3  
  137  14:21  Robotics Bay  
  137  14:22  Protoss Ground Weapons Level 2  
  137  14:23  Probe x3  
  137  14:24  Probe  
  141  14:30  Robotics Facility  
  141  14:35  High Templar  
  141  14:36  High Templar x3  
  149  14:43  Immortal, Archon  
  149  14:44  Archon  
  149  14:45  Zealot x4  
  139  14:50  Probe x3  
  112  15:04  Gateway  
  112  15:05  Gateway  
  112  15:07  Probe, Gateway  
  104  15:08  Probe x2  
  104  15:09  Zealot x4  
  104  15:10  Zealot x4, Gateway  
  119  15:15  Probe  
  119  15:20  Probe x3  
  123  15:30  High Templar x4  
  123  15:31  High Templar x3  
  123  15:32  Colossus x2  
  131  15:35  Archon  
  131  15:36  Archon x2  
  133  15:51  High Templar  
  133  15:52  Probe x4  
  139  15:58  Nexus  
  139  16:00  Pylon  
  139  16:01  Archon  
  139  16:02  Zealot x5  
  139  16:03  Zealot x3, Pylon  
  155  16:10  Colossus x2  
  155  16:21  Zealot x3  
  159  16:32  Probe x4  
  163  16:41  Extended Thermal Lance  
  163  17:02  Immortal x2  
  163  17:07  High Templar x4  
  179  17:08  Zealot x2  
  179  17:09  Zealot x5  
  179  17:10  Zealot  
  179  17:15  Archon  
  195  17:16  Probe, Archon  
  195  17:17  Probe x4  
  195  17:20  Assimilator  
  195  17:21  Photon Cannon  
  200  17:24  Assimilator  
  200  17:25  Pylon  
  200  17:30  Photon Cannon  
  200  18:03  Pylon  
  200  18:04  Assimilator  
  200  18:05  Zealot x6, Nexus, Pylon  
  190  18:06  Zealot x3, Pylon  
  190  18:07  Assimilator  
  190  18:08  Pylon  
  194  18:28  Stalker  
  194  18:29  Stalker x5  
  194  18:32  Immortal  
  200  18:38  Observer  
  191  19:05  High Templar x3  
  191  19:06  High Templar  
  191  19:07  High Templar  
  199  19:11  Archon  
  199  19:12  Archon  
Tags
 
League
Platinum
Matchup
PvT
Replay Pack
r1
Spawn Locations
Cross Positions
Strategy
Banshee Rush
Add a new tag
Caveats
  • Supply blocks, unpowered buildings, or Contaminate may cause inaccurate times.
  • Supply counts are checked every 10 seconds.